 Dungeon Crawl Stone Soup version 0.30-a0-322-g102857c98e (webtiles) character file.

Game seed: 2012121051958512266

169 NinjaNoafa the Firebug (level 5, -4/57 HPs)
             Began as a Draconian Fire Elementalist on Oct 27, 2022.
             Was an Initiate of Sif Muna.
             Slain by Pikel
             ... wielding a +2 whip of electrocution
              (20 damage)
             ... on level 3 of the Dungeon.
             The game lasted 00:05:00 (3831 turns).

NinjaNoafa the Firebug (DrFE)                       Turns: 3831, Time: 00:05:01

Health: -4/57      AC: 22    Str: 10    XL:     5   Next: 25%
Magic:  0/8        EV:  2    Int: 18    God:    Sif Muna [......]
Gold:   142        SH:  0    Dex: 11    Spells: 5/8 levels left

rFire   . . .      SeeInvis .    h - +0 dagger
rCold   . . .      Faith    .    (no shield)
rNeg    . . .      Spirit   .    (body armour unavailable)
rPois   +          Reflect  .    (helmet currently unavailable)
rElec   .          Harm     .    (cloak currently unavailable)
rCorr   .          Rampage  .    (gloves currently unavailable)
Will    .....      NoTele   +    (boots currently unavailable)
Stlth   ++........               (no amulet)
HPRegen 0.29/turn                (no ring)
MPRegen 0.11/turn                (no ring)

@: tree-form
A: stationary, stasis, torment immunity, boosted hp, AC +5, unfitting armour,
(cold-blooded)
a: Renounce Religion


You were on level 3 of the Dungeon.
You worshipped Sif Muna.
Sif Muna was noncommittal.
You were a tree.
You visited 1 branch of the dungeon, and saw 4 of its levels.

You collected 142 gold pieces.

Inventory:

Hand Weapons
 h - a +0 dagger (weapon)
Missiles
 b - 8 poisoned darts
 n - 5 stones
 q - a throwing net
Armour
 s - a +0 pair of boots (melded)
 t - a +0 cloak (melded)
Jewellery
 k - a ring of resist corrosion
Scrolls
 a - a scroll of enchant weapon {unknown}
 f - a scroll of enchant armour {unknown}
 g - a scroll of teleportation
 m - a scroll of vulnerability {unknown}
 p - a scroll of poison {unknown}
Potions
 c - a potion of cancellation
 i - 4 potions of degeneration
 j - 3 potions of heal wounds
 l - a potion of attraction


   Skills:
 - Level 1.7 Dodging
 - Level 1.7 Stealth
 - Level 2.0 Spellcasting
 - Level 3.0 Conjurations
 + Level 1.1 Hexes
 - Level 5.0 Fire Magic


You had 5 spell levels left.
You knew the following spells:

 Your Spells              Type           Power      Damage    Failure   Level
a - Foxfire               Conj/Fire      64%        2x1d7     3%          1
b - Scorch                Fire           38%        2d6       3%          2

Your spell library contained the following spells:

 Spells                   Type           Power      Damage    Failure   Level
 Inner Flame              Hex/Fire       12%        N/A       16%         3
 Sublimation of Blood     Necr           1%         N/A       26%         2
 Kindle Blastsparks       Fire/Tloc/Air  14%        2d11      28%         3
 Flame Wave               Conj/Fire      16%        2d7       34%         4
 Gell's Gravitas          Tloc           1%         N/A       47%         3
 Lesser Beckoning         Tloc           2%         N/A       47%         3
 Teleport Other           Tloc           1%         N/A       47%         3
 Petrify                  Tmut/Erth      1%         N/A       87%         4
 Irradiate                Conj/Tmut      3%         3d12      95%         5
 Silence                  Hex/Air        1%         N/A       99%         5
 Yara's Violent Unravell  Hex/Tmut       1%         3d3       99%         5
 Maxwell's Capacitive Co  Air            0%         ∞         100%        8


Dungeon Overview and Level Annotations

Branches:
Dungeon (4/15)
 Temple: D:4-7

Altars:
Makhleb
Nemelex Xobeh
Sif Muna

Annotations:
D:3 Pikel


Innate Abilities, Weirdness & Mutations

You are a tree.
Your roots penetrate the ground, keeping you stationary.
You cannot be teleported.
You are immune to unholy pain and torment.
Your maximum health is greatly increased.
Your equipment is partially melded.
((Your plain brown scales are hard. (AC +5)))
You cannot fit into any form of body armour.
((You are cold-blooded and may be slowed by cold attacks.))


Message History

You conjure some foxfire!
Pikel hits you but does no damage.
You barely miss Pikel.
Pikel is severely wounded.
The foxfire hits Pikel.
Pikel is almost dead.
The foxfire hits Pikel but does no damage.
Pikel is almost dead.
Pikel hits you but does no damage.
You barely miss Pikel.
Pikel is almost dead.
Pikel hits you with a +2 whip of electrocution.
You barely miss Pikel.
Pikel is almost dead.
Pikel hits you but does no damage.
You are electrocuted!!
* * * LOW HITPOINT WARNING * * *
You feel much better.
Pikel hits you with a +2 whip of electrocution.
You are electrocuted!
* * * LOW HITPOINT WARNING * * *
You feel much better. Pikel hits you but does no damage.
You hit Pikel.
Pikel is almost dead.
Pikel barely misses you.
You hit Pikel but do no damage.
Pikel is almost dead.
Pikel hits you with a +2 whip of electrocution.
You are electrocuted!
Casting: Foxfire (safe; 3% risk of failure)
Confirm with . or Enter, or press ? or * to list all spells.
You conjure some foxfire!
Pikel hits you with a +2 whip of electrocution!
* * * LOW HITPOINT WARNING * * *
You closely miss Pikel.
Pikel is almost dead.
The foxfire hits Pikel.
Pikel is almost dead.
The foxfire hits Pikel but does no damage.
Pikel is almost dead.
Pikel hits you but does no damage.
You are electrocuted!!
You die...

.....#.#.......#.#.#.##.#..##.##.
#.#.......#.#........#..#).......
....#.K.#.....#...#..#..#.###.##.
.#....#....#....#....#..#.###.##.
....#...#.....#...##..........###
..#...#...#.#...####...####.....#
#................##.....###.....#
#......>.......K.§..............#
................♣#......###...>.#
#####.##...#######.#............#
### #.##...# #.##...###..####
#####)##...# #.....##.##.####
._..')##...# #.#...#...#...#†
#.###).....# #...####.####).. #.#
#.##...# #..##..#)#..##..
#+###.######## #..#...'.'._.#..
.............# ##.##.##.##.##..


You could see Pikel.

Vanquished Creatures
  A necrophage (D:3)
  3 gnolls (D:3)
  2 adders
  2 worms
  4 dart slugs
  An orc (D:3)
  5 bats
  4 endoplasms
  A giant cockroach (D:2)
  7 goblins
  2 hobgoblins
  2 jackals (D:1)
  3 quokkas
  3 ball pythons
  2 frilled lizards
  3 kobolds
  5 rats
50 creatures vanquished.

Vanquished Creatures (others)
  230 foxfires
230 creatures vanquished.

Grand Total: 280 creatures vanquished

Notes
Turn   | Place    | Note
-------+----------+-------------------------------------------
     0 | D:1      | NinjaNoafa the Draconian Fire Elementalist began the quest
                  | for the Orb.
     0 | D:1      | Reached XP level 1. HP: 14/14 MP: 3/3
   270 | D:1      | You fall into a shaft and drop 1 floor!
   483 | D:2      | Reached XP level 2. HP: 20/20 MP: 1/5
  1631 | D:2      | Reached XP level 3. HP: 26/26 MP: 3/6
  1829 | D:2      | Got the Lectures on Alluring Weather
  2100 | D:3      | Learned a level 2 spell: Scorch
  2168 | D:3      | Found a shimmering blue altar of Sif Muna.
  2183 | D:3      | Became a worshipper of Sif Muna the Loreminder
  2216 | D:3      | Reached skill level 4 in Fire Magic
  2460 | D:3      | Reached XP level 4. HP: 33/33 MP: 1/7
  2474 | D:3      | Found a sparkling altar of Nemelex Xobeh.
  2964 | D:3      | Found a burning altar of Makhleb.
  2964 | D:3      | Noticed an Executioner
  3015 | D:3      | Found a faded altar of an unknown god.
  3155 | D:3      | Noticed a necrophage
  3164 | D:3      | Killed a necrophage
  3165 | D:3      | Reached skill level 5 in Fire Magic
  3165 | D:3      | Reached skill level 1 in Hexes
  3165 | D:3      | Reached XP level 5. HP: 38/38 MP: 0/8
  3675 | D:4      | Noticed Pikel
  3675 | D:4      | Noticed a lemure
  3675 | D:4      | Noticed a lemure
  3675 | D:4      | Noticed a lemure
  3675 | D:4      | Noticed a lemure
  3831 | D:3      | Slain by Pikel

Illustrated notes

Levels and vault maps discovered:
D:1:      psy_arrival_basics, layout_basic, serial_corexii_hall,
          corexii_hall_statues_deadend, chequers_hall_statues_y,
          hangedman_glass_teeth
D:2:      layout_basic
D:3:      layout_loops_cross, nemelex_dance_club_becter,
          makhleb_altar_promises_db, lemuel_doored_altar,
          dilly_ecumenical_altar_fadedgnrine,
          nicolae_concentric_dashed_squares_mild,
          nicolae_kite_square_tiling_tiny, st_stairs_1
D:4:      layout_loops_corners, lemuel_crystal_altar, grunt_ministairs_11,
          uniq_edmund, uniq_pikel, uniq_menkaure

Skill      XL: |  1  2  3  4 |
---------------+-------------+-----
Conjurations   | 2 3 |  3.0
Fire Magic     | 4 5 |  5.0
Hexes          | 1 |  1.1
Dodging        | |  1.7
Stealth        | |  1.7
Spellcasting   | |  2.0

Action                   |  1- 3 |  4- 6 || total
-------------------------+-------+-------++-------
Melee: Unarmed           |     8 |       ||     8
       Dagger            |     6 |    20 ||    26
       Tailslap          |     6 |     1 ||     7
       Punch             |       |     1 ||     1
 Cast: Foxfire           |    96 |    59 ||   155
       Scorch            |       |     1 ||     1
  Use: Potion            |       |     6 ||     6
       Scroll            |       |     7 ||     7
Armor: Skin              |     7 |    13 ||    20
Dodge: Dodged            |    15 |    18 ||    33

Table legend: (Time is in decaauts)
 A = Elapsed time spent in this place.
 B = Non-inter-level travel time spent in this place.
 C = Inter-level travel time spent in this place.
 D = Time resting spent in this place.
 E = Time spent auto-exploring this place.
 F = Levels seen in this place.
 G = Mean time per level.
                   A        B        C        D        E       F      G
               +--------+--------+--------+--------+--------+-----+--------+
         Total |   3830 |   3716 |    114 |      0 |   3203 |   4 |  957.5 |
       Dungeon |   3830 |   3716 |    114 |      0 |   3203 |   4 |  957.5 |
               +--------+--------+--------+--------+--------+-----+--------+

Top non-repeatable levels by time:
     D:3: 1463 daAuts
     D:1: 1062 daAuts
     D:2: 1017 daAuts
     D:4: 287 daAuts
